Map: New Gettysburg LE

Players

Gracz

  • Race: Zerg Zerg
  • League: Silver

Thor - Winner!

  • Race: Terran Terran
  • League: Silver

VOD

Have the link to the VOD?

Description

Time

  • Played on: Oct. 18, 2016, 2:55 p.m.
  • Length: 9:56
Show
View Real Time Build Order
Export as new Build Order

Gracz Zerg 

Build Orders: Hatch First 

Get SALT Encoding   

  12  0:04  Drone  
  13  0:20  Drone  
  14  0:23  Overlord  
  14  0:54  Drone  
  14  0:55  Hatchery  
  14  1:01  Drone  
  15  1:14  Spawning Pool  
  15  1:17  Extractor  
  13  1:19  Drone  
  13  1:23  Drone  
  15  1:54  Drone x3  
  18  2:04  Queen  
  18  2:07  Queen  
  22  2:09  Zergling x2  
  22  2:14  Drone  
  24  2:18  Zergling x2  
  24  2:22  Zergling x2  
  26  2:32  Zergling x2  
  27  2:39  Metabolic Boost  
  27  2:44  Overlord  
  27  3:02  Queen  
  27  3:08  Zergling x2  
  27  3:10  Zergling x2  
  28  3:26  Roach Warren  
  27  3:27  Extractor, Drone  
  27  3:28  Drone  
  28  3:38  Queen  
  28  4:04  Drone x2  
  28  4:05  Drone  
  28  4:08  Hatchery  
  30  4:13  Queen  
  32  4:25  Overlord x2  
  28  4:43  Overlord x2  
  27  4:47  Roach x2  
  31  4:56  Queen  
  33  5:10  Roach x2  
  37  5:25  Roach x3  
  43  5:37  Zergling x2  
  40  5:51  Roach  
  42  6:03  Queen  
  41  6:06  Drone  
  41  6:07  Drone x3  
  41  6:27  Roach  
  41  6:28  Roach x2  
  47  6:35  Queen  
  47  6:39  Queen, Drone x2  
  53  6:51  Ravager  
  53  6:52  Ravager  
  53  6:53  Ravager  
  56  6:54  Ravager  
  56  6:55  Ravager  
  58  7:06  Drone  
  58  7:07  Drone x2  
  61  7:15  Queen  
  43  7:29  Roach  
  38  7:30  Roach x2  
  20  8:08  Queen  
  20  8:10  Drone x3  
  13  8:44  Drone  
  13  8:45  Drone x6  
  20  9:03  Spawning Pool  
  20  9:09  Drone x3  
  20  9:31  Drone x3  
Show
View Real Time Build Order
Export as new Build Order

Thor Terran - Winner!

Build Orders:  

Get SALT Encoding   

  12  0:01  SCV  
  13  0:13  SCV  
  14  0:19  Supply Depot  
  14  0:25  SCV  
  15  0:31  Refinery  
  15  0:40  SCV  
  16  0:46  Barracks  
  16  0:52  SCV  
  17  1:04  SCV  
  18  1:17  SCV  
  19  1:29  SCV  
  20  1:40  Barracks Reactor  
  20  1:46  Barracks  
  20  1:54  Bunker  
  20  1:59  SCV  
  21  2:02  Refinery  
  21  2:11  Orbital Command  
  21  2:16  Marine x2  
  23  2:24  Supply Depot  
  23  2:29  Factory  
  23  2:33  Barracks Tech Lab  
  23  2:45  Marine x2  
  25  3:15  Hellion  
  27  3:23  Starport  
  27  3:24  Engineering Bay  
  27  3:26  Marine x2  
  29  3:29  Marauder  
  31  3:39  Factory Tech Lab  
  29  4:01  Starport Reactor  
  29  4:03  Missile Turret  
  29  4:04  Missile Turret  
  29  4:06  SCV  
  29  4:09  Cyclone  
  34  4:18  SCV  
  33  4:44  Siege Tank  
  34  4:46  Medivac  
  34  4:52  SCV  
  37  4:57  Medivac  
  39  5:10  Supply Depot x2  
  39  5:31  Marine x2, SCV  
  39  5:34  Supply Depot  
  39  5:35  Supply Depot, Siege Tank  
  45  5:49  Marine x2  
  47  6:06  Marine x2  
  49  6:24  Marine x2  
  48  6:30  Marauder  
  48  6:31  Siege Tank  
  53  6:42  Marine x2  
  55  6:52  Marauder  
  57  6:59  Medivac x2  
  57  7:00  Marine x2  
  63  7:03  Siege Tank  
  66  7:18  Marine x2  
  60  7:36  Marine x2  
  57  7:40  Marauder  
  58  7:46  Bunker  
  58  7:50  Siege Tank  
  53  7:53  Marine x2  
  54  8:01  Marauder  
  50  8:11  Marine x2  
  52  8:22  Siege Tank  
  52  8:23  Marauder  
  57  8:29  Marine x2  
  55  8:44  Marauder  
  57  8:58  Bunker  
  57  9:02  Marine x2  
  59  9:20  Marine x2  
  61  9:38  Marine x2  
Tags
 
Add a new tag
Caveats
  • Supply blocks, unpowered buildings, or Contaminate may cause inaccurate times.
  • Supply counts are checked every 10 seconds.